 Dungeon Crawl Stone Soup version 0.30.1-9-gdf580d7c3d (webtiles) character file.

Game seed: 8284831931276344780

53 leafyfresh the Digger (level 3, -1/21 HPs)
             Began as an Octopode Earth Elementalist on Oct 12, 2023.
             Slain by a gnoll
             ... wielding a +0 spear
              (7 damage)
             ... on level 3 of the Dungeon.
             The game lasted 00:02:17 (1097 turns).

leafyfresh the Digger (Octopode Earth Elementalist) Turns: 1097, Time: 00:02:18

Health: -1/21      AC:  1    Str:  7    XL:     3   Next: 87%
Magic:  7/7        EV: 13    Int: 19    God:
Gold:   109        SH:  0    Dex: 12    Spells: 2/8 levels left

rFire   . . .        o - +1 dagger (speed)
rCold   . . .        l - orb {light}
rNeg    . . .        (helmet restricted)
rPois   .            (no amulet)
rElec   .            f - ring of willpower
rCorr   .            (no ring)
SInv    .            (no ring)
Will    +....        (no ring)
Stlth   +            (no ring)
HPRegen 0.23/turn    (no ring)
MPRegen 0.10/turn    (no ring)
                     (no ring)

%: no passive effects
@: glowing
A: almost no armour, amphibious, 8 rings, camouflage 1, gelatinous body 1,
(nimble swimmer 1), tentacles
a: no special abilities


You were on level 3 of the Dungeon.
You visited 1 branch of the dungeon, and saw 3 of its levels.

You collected 109 gold pieces.

Inventory:

Hand Weapons
 g - a +0 dagger
 o - a +1 dagger of speed (weapon)
Armour
 l - an orb of light (worn)
Jewellery
 f - a ring of willpower (left tentacle)
Scrolls
 b - a scroll of enchant weapon {unknown}
 c - 4 scrolls of teleportation {unknown}
 e - 2 scrolls of identify {unknown}
 i - a scroll of summoning {unknown}
 j - a scroll of fog {unknown}
 k - a scroll of blinking {unknown}
 n - a scroll of magic mapping {unknown}
 p - a scroll of amnesia {unknown}
Potions
 a - a potion of magic
 d - a potion of mutation {unknown}
 h - a potion of brilliance {unknown}
 m - a potion of curing {unknown}


   Skills:
 - Level 2.0 Dodging
 - Level 2.6 Stealth
 + Level 3.0 Spellcasting
 - Level 1.0 Transmutations
 + Level 3.9 Earth Magic


You had 2 spell levels left.
You knew the following spells:

 Your Spells              Type           Power      Damage    Failure   Level
a - Sandblast             Erth           34%        2d9       3%          1
b - Stone Arrow           Conj/Erth      20%        3d8       21%         3
c - Passwall              Tmut/Erth      10%        N/A       9%          2

Your spell library contained the following spells:

 Spells                   Type           Power      Damage    Failure   Level
 Necrotise                Necr           8%         1d4       16%         1
 Wereblood                Tmut           6%         N/A       16%         2
 Sublimation of Blood     Necr           2%         N/A       22%         2
 Gell's Gravitas          Tloc           2%         N/A       41%         3
 Teleport Other           Tloc           2%         N/A       41%         3
 Vampiric Draining        Necr           2%         2d6       41%         3
 Vhi's Electric Charge    Tloc/Air       4%         N/A       41%         3
 Petrify                  Tmut/Erth      12%        N/A       50%         4
 Agony                    Necr           2%         N/A       99%         5
 Arcjolt                  Conj/Air       1%         1d11      99%         5
 Dispersal                Tloc           1%         N/A       100%        6
 Plasma Beam              Fire/Air       1%         2x1d12    100%        6
 Summon Hydra             Summ           1%         N/A       100%        7


Dungeon Overview and Level Annotations

Branches:
Dungeon (3/15)

Altars:


Innate Abilities, Weirdness & Mutations

You cannot wear most types of armour.
You are amphibious.
You can wear up to eight rings at the same time.
Your skin changes colour to match your surroundings (Stealth+).
Your rubbery body absorbs attacks. (AC +1, EV +1)
((You are camouflaged when in or above water. (Stealth+)))
You have tentacles for arms and can constrict up to eight enemies at once.


Message History

You climb downwards.
Found a scroll labelled SOGOAJEONOO.
There is a stone staircase leading up here.
You climb upwards.
There is a stone staircase leading down here.
You see here a +1 dagger of speed.
o - a +1 dagger of speed Your tentacles tingle!
o - a +1 dagger of speed (weapon)
You climb downwards.
There is a stone staircase leading up here.
Found an escape hatch in the ceiling.
No target in view!
p - a scroll labelled SOGOAJEONOO No target in view!
A gnoll comes into view. It is wielding a +0 hand axe.
The gnoll moves out of view.
No target in view! 2 gnolls come into view.
Found 8 gold pieces.
A hobgoblin comes into view.
Found a pair of embroidered gloves.
There are monsters nearby!
A gnoll comes into view. It is wielding a +0 whip.
The gnoll shouts!
An adder comes into view.
Unknown command.
The hobgoblin shouts!
There is an escape hatch in the ceiling here.
There is a stone staircase leading up here.
The gnoll hits you with a +0 spear.
You barely miss the gnoll. You grab the gnoll.
You constrict the gnoll, but do no damage.
The gnoll hits you with a +0 spear!
* * * LOW HITPOINT WARNING * * *
You are too injured to fight recklessly!
Unknown command.
You release your grip on the gnoll.
The gnoll hits you from afar with a +0 spear!
You die...

##### .... ...#####
####......#
#.#.####@##......#
#.#..............#
#.######g#.......# .###
#.# ###g#.......#
....####.# #.g.#...^...#
.........# #<###.......#
.........####...........#
.[......g...g............#
#.................###..#.#


You could see 2 gnolls and a hobgoblin.

Vanquished Creatures
  2 adders (D:2)
  A worm (D:2)
  A dart slug (D:1)
  4 bats
  An endoplasm (D:2)
  A giant cockroach (D:2)
  4 goblins
  4 hobgoblins
  2 quokkas
  3 ball pythons
  2 kobolds
  4 rats
29 creatures vanquished.

Notes
Turn   | Place    | Note
-------+----------+-------------------------------------------
     0 | D:1      | leafyfresh the Octopode Earth Elementalist began the quest
                  | for the Orb.
     0 | D:1      | Reached XP level 1. HP: 11/11 MP: 3/3
   133 | D:1      | Reached XP level 2. HP: 17/17 MP: 3/5
   378 | D:2      | Reached XP level 3. HP: 15/21 MP: 6/6
   491 | D:2      | Learned a level 3 spell: Stone Arrow
   494 | D:2      | Learned a level 2 spell: Passwall
  1097 | D:3      | Slain by a gnoll

Illustrated notes

Levels and vault maps discovered:
D:1:      minmay_arrival_checkered_box, layout_basic
D:2:      layout_rooms
D:3:      minmay_goblin_kobold_castle, layout_basic, uniq_robin

Skill      XL: |  1  2  3 |
---------------+----------+-----
Spellcasting   | 3 |  3.0
Dodging        | |  2.0
Stealth        | |  2.6
Transmutations | |  1.0
Earth Magic    | |  3.9

Action                     || total
---------------------------++-------
  Melee: Unarmed           ||     5
         Tentacles         ||    11
         Constrict         ||    10
         Dagger            ||    32
   Cast: Sandblast         ||    14
   Stab: Sleeping          ||     7
 Armour: Skin              ||     2
  Dodge: Dodged            ||    23
